[Event "Serbian League 2024"]
[Site "Bajina Basta"]
[Date "2024.10.01"]
[Round "5.15"]
[White "Ozsakallioglu, Okan"]
[Black "Bogosavljevic, Boban"]
[Result "0-1"]
[Annotator "TA"]
[ECO "B61"]
[WhiteElo "2349"]
[BlackElo "2486"]
[PlyCount "84"]
[EventDate "2024.09.26"]
[EventType "team-tourn"]
[EventCountry "SRB"]
[SourceTitle "playchess.com"]
[Source "ChessBase"]
[SourceQuality "1"]
[TimeControl "40/5400+30:1800+30"]

1. e4 c5 2. Nf3 d6 3. d4 cxd4 4. Nxd4 Nf6 5. Nc3 Nc6 6. Bg5 Bd7 7. Qd2 Rc8 8. O-O-O Nxd4 9. Qxd4 Qa5 10. f4 Rxc3 11. Qxc3 ({White has to play} 11. bxc3 $16 e5 (11... Qxa2 $2 12. e5 $18) 12. Qb4 Qxb4 13. cxb4 Nxe4 14. Bc4) 11... Qxc3 $15 12. bxc3 {[%emt 0:00:02] [#] Bxf6 is the strong threat.} Nxe4 13. Bh4 {[%emt 0:00:02][%cal Bg5h4,Bh4f2,Bf2d4][%mdl 32] Against Nf2. Black has an edge.} Nxc3 14. Re1 e6 (14... Nxa2+ $2 15. Kd2 $18) 15. Kd2 Na4 (15... Nxa2 $2 {is the wrong capture.} 16. Rb1 (16. Ra1 g5 $16) 16... d5 17. Rxb7 $18) 16. Bf2 d5 {[%emt 0:05:37] Threatens to win with ...Bb4+.} 17. Bd4 Bd6 18. g3 O-O 19. Bd3 (19. Rb1 $15 b6 20. Be2) 19... a6 20. Rb1 Bc6 21. Rhe1 Nc5 22. f5 Nxd3 23. cxd3 exf5 24. Be5 Be7 25. h4 ({White should try} 25. Bd4 Re8 26. Re5) 25... f6 $17 26. Bf4 Kf7 27. Kc3 Bc5 28. Be3 Be7 29. Bf4 $1 Rc8 30. Kd4 Bd8 31. Bd6 Kg6 32. Rf1 (32. a4 $17) 32... Ba5 $19 33. h5+ Kxh5 34. Rxf5+ Kg6 35. g4 (35. Rf3 $142) 35... Rd8 36. Bg3 Bb5 37. a4 Bb6+ ({But not} 37... Bxa4 38. Rxb7 Bc6 39. Rb8 $17) 38. Kc3 Rc8+ 39. Kd2 Ba5+ 40. Ke3 d4+ 41. Kxd4 Bb6+ {[%emt 0:31:09] This pair of bishops is nice.} 42. Ke4 $2 {[%emt 0:00:14] [#]} (42. Kd5 Bc6+ (42... Bxd3 43. Rxb6 Bxf5 44. gxf5+ Kxf5 45. Rxb7 $18) 43. Ke6 Re8+ 44. Kd6) 42... Bc6+ {[%emt 0:00:16] Weighted Error Value: White=0.36/Black=0.14 (very precise) .  Mistake:       	White=5     	---        Inaccurate:     	White=2     	Black=1      OK:         	White=10    	Black=17     Best:        	White=1     	Black=2      Strong:       	White=1     	---} 0-1

[Event "Serbian League 2024"]
[Site "Bajina Basta"]
[Date "2024.10.01"]
[Round "5.16"]
[White "Zajic, Milan"]
[Black "Ljepic, Andrej"]
[Result "0-1"]
[Annotator "RC"]
[ECO "C41"]
[WhiteElo "2404"]
[BlackElo "2326"]
[PlyCount "68"]
[EventDate "2024.09.26"]
[EventType "team-tourn"]
[EventCountry "SRB"]
[SourceTitle "playchess.com"]
[Source "ChessBase"]
[SourceQuality "1"]
[TimeControl "40/5400+30:1800+30"]

1. e4 e5 2. Nf3 d6 3. d4 exd4 4. Nxd4 Nf6 5. Nc3 Be7 6. Bf4 O-O 7. Qd2 d5 8. Ndb5 Bb4 9. O-O-O c6 10. Nc7 Nxe4 11. Qd4 Nxc3 12. bxc3 Ba3+ 13. Kb1 Bg4 14. f3 Be6 15. Nxa8 Qa5 16. Ka1 c5 17. Qd3 Na6 18. Nc7 c4 19. Qd2 Nxc7 20. Bxc7 Qxc7 21. g4 Rd8 22. f4 Bxg4 23. Be2 Bf5 24. Rhg1 Qb6 25. Rb1 Bb2+ 26. Rxb2 Qxg1+ 27. Rb1 Qxh2 28. Rxb7 h5 29. Qe3 Be4 30. f5 Rb8 31. Rxb8+ Qxb8 32. f6 Bxc2 33. Qg1 g6 34. Qc1 Be4 0-1

[Event "Serbian League 2024"]
[Site "Bajina Basta"]
[Date "2024.10.01"]
[Round "5.17"]
[White "Ivanovic, Dragutin"]
[Black "Roganovic, Milos"]
[Result "0-1"]
[Annotator "TA"]
[ECO "A20"]
[WhiteElo "2308"]
[BlackElo "2434"]
[PlyCount "92"]
[EventDate "2024.09.26"]
[EventType "team-tourn"]
[EventCountry "SRB"]
[SourceTitle "playchess.com"]
[Source "ChessBase"]
[SourceQuality "1"]
[TimeControl "40/5400+30:1800+30"]

1. c4 e5 2. g3 Nf6 3. Bg2 c6 4. d3 d5 5. cxd5 cxd5 6. Qa4+ Nc6 7. Nf3 Bd6 8. Bg5 {[%emt 0:03:13] Black has an edge.} h6 (8... O-O $142) 9. Bxf6 $11 Qxf6 10. Nc3 Bb4 11. O-O Bxc3 12. bxc3 O-O 13. d4 e4 14. Nd2 Bg4 15. f3 exf3 16. exf3 Bf5 17. f4 Qd6 18. Qb5 Rfd8 19. Nc4 Qc7 20. Ne3 Ne7 21. Rac1 (21. Bxd5 Bd7 22. Qb3 Nxd5 23. Nxd5 Qd6 $18) 21... a6 22. Qe2 Re8 23. Qf2 Qd7 24. Nxf5 Qxf5 (24... Nxf5 $11 {should be considered.} 25. Rfe1 Rad8) 25. Rfe1 Nc6 {[%emt 0:01:04] Inhibits Re5.} 26. Qf3 Rad8 (26... Rxe1+ $11 27. Rxe1 Rd8) 27. Rxe8+ $16 Rxe8 28. Qxd5 Qd3 {[%emt 0:00:13] ( -> ...Qe3+)} 29. Qf3 Re3 30. Qd1 ({Better is} 30. Qf2 $1 $16) 30... Qxd1+ $11 31. Rxd1 {[%emt 0:00:07] Threatens to win with d5.} Rxc3 {[%emt 0:00:00][%mdl 4096] Endgame. KRB-KRN} 32. d5 Nd8 33. Re1 Kf8 {[%emt 0:00:32] Dodges Re8+} 34. Bh3 {[%emt 0:01:27] Hoping for Bd7.} Rd3 35. Bd7 g6 36. Re5 Rd2 37. h4 (37. Re8+ Kg7 $17) 37... Kg7 38. g4 (38. a4 $11 {remains equal.}) 38... Rxa2 $17 {[%emt 0:00:39] Black is more active.} 39. Re8 {[%emt 0:00:10] [#]} Rd2 $1 40. Rxd8 {[%emt 0:02:41] Strongly threatening Be8.} Rxd5 $19 {[%emt 0:00:16] KRB-KR} 41. Kf2 {[%emt 0:30:09] [#]} (41. g5 $17 {is a better defense.}) 41... Kf6 $1 42. f5 {[%emt 0:00:13] [#]} (42. Kf3 $142) 42... gxf5 $1 (42... Ke7 43. fxg6 fxg6 (43... Kxd8 $2 {perishes.} 44. g7 $18) 44. Rg8 Kxd7 (44... Rxd7 45. Rxg6 a5 46. Rxh6 $11) 45. Rg7+ Ke8 46. Rxb7 $15) 43. Rg8 $2 (43. gxf5 Rd6 (43... Ke7 44. Rh8 $17) 44. Rh8 Rxd7 45. Rxh6+ Kxf5 46. Kf3) 43... Rxd7 {[%emt 0:00:18] Black is clearly winning.} 44. g5+ hxg5 45. h5 Rd4 46. Rb8 Rh4 {[%emt 0:00:26] Weighted Error Value: White=0.47/Black=0.18 (very precise) .  Mistake:       	White=5     	Black=3      Inaccurate:     	White=5     	Black=1      OK:         	White=14    	Black=19     Best:        	White=4     	Black=3      Strong:       	---       	Black=2} 0-1

[Event "Serbian League 2024"]
[Site "Bajina Basta"]
[Date "2024.10.01"]
[Round "5.18"]
[White "Pezelj, Novak"]
[Black "Zivanovic, Bojan"]
[Result "1/2-1/2"]
[Annotator "TA"]
[ECO "D45"]
[WhiteElo "2460"]
[BlackElo "2161"]
[PlyCount "40"]
[EventDate "2024.09.26"]
[EventType "team-tourn"]
[EventCountry "SRB"]
[SourceTitle "playchess.com"]
[Source "ChessBase"]
[SourceQuality "1"]
[TimeControl "40/5400+30:1800+30"]

1. d4 d5 2. c4 c6 3. Nc3 Nf6 4. e3 e6 5. Nf3 Bd6 6. Bd3 O-O 7. O-O dxc4 8. Bxc4 Nbd7 9. a4 e5 {[%emt 0:11:56] The position is equal.} 10. a5 h6 11. Nh4 b5 12. axb6 Nxb6 13. Bb3 exd4 14. exd4 Nbd5 15. Nf3 Re8 16. Ba4 Bd7 17. Bd2 Rb8 18. Nxd5 cxd5 19. Ba5 Bxa4 ({Weaker is} 19... Qxa5 20. Bxd7 $18) 20. Qxa4 Qd7 {[%emt 0:00:00] Not much happened in this game.   Weighted Error Value: White=0.04 (flawless) /Black=0.01 (flawless) .  OK:         	White=4     	Black=4} 1/2-1/2

[Event "Serbian League 2024"]
[Site "Bajina Basta"]
[Date "2024.10.01"]
[Round "5.19"]
[White "Andreikin, Dmitry"]
[Black "Krstulovic, Alex"]
[Result "1/2-1/2"]
[Annotator "TA"]
[ECO "C26"]
[WhiteElo "2729"]
[BlackElo "2452"]
[PlyCount "77"]
[EventDate "2024.09.26"]
[EventType "team-tourn"]
[EventCountry "SRB"]
[SourceTitle "playchess.com"]
[Source "ChessBase"]
[SourceQuality "1"]
[TimeControl "40/5400+30:1800+30"]

1. e4 e5 2. Nf3 Nc6 3. g3 Nf6 4. d3 Bc5 5. Bg2 d6 6. O-O h6 7. Nc3 a6 8. Be3 Bxe3 9. fxe3 Bg4 10. Qd2 {[%emt 0:00:44] The position is equal.} Ne7 11. Nh4 c6 12. a4 a5 13. Kh1 Qd7 14. d4 O-O 15. Rf2 Nh7 16. Raf1 g6 17. Nf3 Qe6 18. Ng1 {[%emt 0:01:14] h3 would now be deadly.} Qc4 19. dxe5 dxe5 20. Qd6 $1 Rae8 21. Qxe5 Qb4 22. Qf4 h5 ({But not} 22... Qxb2 $6 23. Qxg4 Qxc3 24. Qd7 $16) 23. h3 g5 24. Qc7 Be6 25. Rd2 Nc8 26. Rd4 Qxb2 27. Qxa5 b6 28. Qb4 Qxc2 {[%emt 0:00:05] White must now prevent ...c5.} 29. Qa3 Qb3 {[%emt 0:06:19] [#]} (29... c5 $11 30. Rdd1 Rd8) 30. Qa1 $1 $16 {[%emt 0:00:18] White is more active.} c5 {[%emt 0:00:42] [#]} 31. Rdd1 (31. Rd2 $1 $16 {Strongly threatening Rb1.} Qb4 32. Nf3) 31... Rd8 $11 32. Rb1 Qc2 33. Nd5 Bxd5 34. exd5 Rfe8 35. a5 bxa5 36. Qxa5 Nd6 37. Qc7 Nf8 {[%emt 0:01:28][%cal Od8d7] ...Rd7! is the strong threat.} 38. Rbc1 Qg6 {[%emt 0:00:44] Hoping for ...Rc8.} 39. Kh2 {[%emt 0:04:35] Weighted Error Value: White=0.09 (flawless) /Black=0.08 (flawless) .  Mistake:       	White=2     	Black=1      Inaccurate:     	White=1     	Black=2      OK:         	White=14    	Black=19     Best:        	White=2     	---        Strong:       	White=2     	---} (39. Rxc5 $11 {keeps the balance.} Rc8 40. Qa5) 1/2-1/2

[Event "Serbian League 2024"]
[Site "Bajina Basta"]
[Date "2024.10.01"]
[Round "5.20"]
[White "Popovic, Dusan"]
[Black "Matlakov, Maxim"]
[Result "0-1"]
[Annotator "TA"]
[ECO "B30"]
[WhiteElo "2494"]
[BlackElo "2636"]
[PlyCount "66"]
[EventDate "2024.09.26"]
[EventType "team-tourn"]
[EventCountry "SRB"]
[SourceTitle "playchess.com"]
[Source "ChessBase"]
[SourceQuality "1"]
[TimeControl "40/5400+30:1800+30"]

1. e4 c5 2. Nf3 Nc6 3. Bb5 e6 4. O-O Nge7 5. Re1 a6 6. Bf1 d5 7. d3 d4 8. e5 Ng6 9. g3 Qc7 {[%emt 0:01:00][%cal Rc6e5] The position is equal.} 10. Qe2 f6 11. exf6 gxf6 12. Bh3 e5 13. Bxc8 Qxc8 14. Nbd2 Qe6 15. c3 O-O-O 16. cxd4 cxd4 17. Nc4 h5 18. Bd2 Kb8 19. Rab1 {[%emt 0:11:33] Black keeps a firm grip on the game.} (19. Qe4 $15 Qg4 20. a3) 19... h4 $17 20. a4 (20. Qe4 $17 f5 21. Qe2 (21. Ng5 Qxc4 22. dxc4 fxe4 $11)) 20... Bb4 $19 21. Bxb4 (21. Kh1 $142) 21... Nxb4 22. Qe4 f5 23. Qe2 {[%emt 0:01:36] [#]} (23. Nxd4 $142 Qxc4 (23... Rxd4 24. Qxd4 Nc2 25. Qd6+ Qxd6 26. Nxd6 $16) 24. dxc4 fxe4 25. Ne6) 23... e4 $1 24. Qd2 (24. Ncd2 hxg3) 24... hxg3 25. fxg3 Nxd3 26. Qxd3 Ne5 27. Qb3 (27. Ncxe5 $142 exd3 28. Rbd1) 27... Qxc4 (27... exf3 28. Rxe5 f2+ 29. Kf1 $11 (29. Kxf2 $2 Rxh2+ 30. Ke1 Qh6 $19)) 28. Qxc4 Nxf3+ 29. Kg2 Rxh2+ (29... Nxe1+ $2 30. Rxe1 d3 31. Qc5 $18) 30. Kf1 Nd2+ (30... Rdh8 $142 31. g4 Nd2+ (31... fxg4 $2 32. Qd5 $19) 32. Kg1 Nxc4 33. Rbd1 Ne3 (33... Nxb2 34. Rxd4 Nd3 35. Rd8+ Rxd8 36. Kxh2 Nxe1 37. Kh3 f4 38. g5 f3 39. Kg3 e3 40. g6 f2 41. Kg4 f1=Q 42. Kg5 Rd5+ 43. Kh6 Qf6 44. Kh7 Rh5+ 45. Kg8 Rh8#) 34. Rxe3 dxe3 (34... Rh1+ {leads to mate.} 35. Kf2 Rxd1 36. g5 Rh2+ 37. Kg3 dxe3 38. Kf4 e2 39. g6 e1=Q 40. Ke5 Qg3+ 41. Kf6 Rd6+ 42. Ke7 Qe5+ 43. Kf8 Rh8+ 44. Kf7 Qf6#) 35. Rd8+ Rxd8 36. Kxh2 e2 (36... fxg4 {is a self mate.} 37. Kg2 Rf8 38. Kg3 e2 39. Kh4 g3 40. Kh3 e1=Q 41. Kg4 g2 42. Kg5 g1=Q+ 43. Kh6 Rh8#) 37. Kg3 e1=Q+ (37... e1=B+ {gets mated.} 38. Kf4 Bd2+ 39. Kg3 fxg4 40. Kxg4 Rf8 41. Kh5 e3 42. Kh6 e2+ 43. Kg7 Rf4 44. Kh6 e1=Q 45. Kh7 Qg3 46. Kh8 Rh4#) 38. Kf4 Qf2+ 39. Ke5 fxg4 (39... Qxb2+ 40. Ke6 Qd4 41. Kf7 Qd6 42. g5 Rd7+ 43. Kg8 Qg6+ 44. Kh8 Qh7#) 40. Ke6 e3 (40... Qxb2 41. Ke7 Rd5 42. Ke6 Qe5+ 43. Kf7 Rd7+ 44. Kg6 Rg7+ 45. Kh6 Qg5#) 41. Ke7 Qf8+ 42. Ke6 e2 43. Ke5 e1=Q#) 31. Kg1 Rdh8 {[%emt 0:01:00] [#] ( -> ...Rh1+). Black is clearly winning.} 32. Qg8+ Rxg8 33. Kxh2 Nf3+ {[%emt 0:00:04] Weighted Error Value: White=0.86/Black=0.19 (very precise) .  Mistake:       	White=5     	---        Inaccurate:     	White=4     	---        OK:         	White=4     	Black=11     Best:        	White=1     	Black=3} 0-1

[Event "Serbian League 2024"]
[Site "Bajina Basta"]
[Date "2024.10.01"]
[Round "5.21"]
[White "Stojanovic, Mihajlo"]
[Black "Sedlak, Nikola"]
[Result "1/2-1/2"]
[Annotator "RC"]
[ECO "E61"]
[WhiteElo "2424"]
[BlackElo "2401"]
[PlyCount "46"]
[EventDate "2024.09.26"]
[EventType "team-tourn"]
[EventCountry "SRB"]
[SourceTitle "playchess.com"]
[Source "ChessBase"]
[SourceQuality "1"]
[TimeControl "40/5400+30:1800+30"]

1. Nf3 Nf6 2. c4 g6 3. Nc3 d6 4. d4 Bf5 5. e3 Bg7 6. Bd3 Bxd3 7. Qxd3 O-O 8. e4 Nbd7 9. O-O e5 10. Re1 exd4 11. Nxd4 Ng4 12. Nf3 Re8 13. Bd2 Nc5 14. Qc2 Ne5 15. Nxe5 dxe5 16. Be3 Ne6 17. Ne2 Nd4 18. Bxd4 exd4 19. Nf4 d3 20. Nxd3 Qd4 21. e5 Bxe5 22. Nxe5 Rxe5 23. Rxe5 Qxe5 1/2-1/2

[Event "Serbian League 2024"]
[Site "Bajina Basta"]
[Date "2024.10.01"]
[Round "5.22"]
[White "Stojanovic, Dalibor"]
[Black "Nestorovic, Nikola"]
[Result "1-0"]
[Annotator "TA"]
[ECO "B30"]
[WhiteElo "2448"]
[BlackElo "2458"]
[PlyCount "61"]
[EventDate "2024.09.26"]
[EventType "team-tourn"]
[EventCountry "SRB"]
[SourceTitle "playchess.com"]
[Source "ChessBase"]
[SourceQuality "1"]
[TimeControl "40/5400+30:1800+30"]

1. e4 c5 2. Nf3 Nc6 3. Bb5 e6 4. O-O Nge7 5. Nc3 a6 6. Bxc6 Nxc6 7. d4 cxd4 8. Nxd4 Qc7 9. Nxc6 Qxc6 10. Re1 Bb4 11. Qd4 Bxc3 {[%emt 0:00:58] The position is equal.} 12. bxc3 f6 {[%emt 0:00:21] Black is weak on the dark squares} (12... O-O $11) 13. Ba3 $14 Kf7 14. e5 b5 15. Rad1 (15. Re3 $16 Bb7 16. Rg3) 15... h5 {[%emt 0:22:14] [#]} ({Black should try} 15... f5 $14) 16. Rd3 (16. Re3 $142 $1 {Hoping for exf6.} d5 17. exf6 (17. exd6 Bd7 $14) 17... gxf6 18. Qf4) 16... a5 17. Red1 ({Better is} 17. h3 $16) 17... Rh6 18. exf6 gxf6 19. Rg3 h4 20. Rg4 h3 (20... d5 $1 $11 21. Qd2 (21. Rxh4 $2 e5 $19) 21... Rh5) 21. Qe3 $16 Rh4 {[%emt 0:01:11][%cal Ob5b4] [#] Threatens to win with ...b4!} 22. Rd6 $1 $40 {[%emt 0:03:54][%mdl 128] White attacks with force. Really sharp!} (22. Rxh4 $2 Qxg2#) (22. gxh3 Bb7 23. f3 Rxg4+ (23... Qxf3 24. Rxd7+ Ke8 25. Qxe6#) (23... Rxh3 $2 24. Rd6 $18) 24. hxg4 Qxf3 25. Rxd7+ Kg6 26. Qxf3 Bxf3 $17) 22... Qb7 (22... Rxg4 $2 23. Rxc6 Rxg2+ 24. Kf1 dxc6 25. Qxh3 $18) 23. gxh3 {[%emt 0:00:04] White has more active pieces.} (23. Rxh4 $2 Qxg2#) 23... Rxg4+ 24. hxg4 {[%emt 0:00:04] Qd3 is the strong threat.} b4 25. cxb4 (25. Bc1 $16 {Strongly threatening Qd3.} Qc7 26. Rd1) 25... axb4 $11 26. Bb2 Rxa2 27. Qd4 Qf3 28. Qxb4 Ra6 $2 (28... Rxb2 $11 29. Qxb2 Qxg4+ 30. Kh1 (30. Kf1 Ba6+ 31. Rxa6 Qc4+ 32. Kg1 Qxa6 $11) 30... Qf3+ 31. Kg1 Qg4+ 32. Kh1 (32. Kf1 Ba6+ 33. Rxa6 Qc4+ 34. Kg1 Qxa6 $11) 32... Qf4) 29. Rd3 $18 Qc6 30. Ba3 $2 (30. Qf4 $18 {and the rest is easy.} e5 31. Qf5 (31. Bxe5 Qxc2 32. Qf5 Qc1+ 33. Kg2 Re6 $18)) 30... Ra4 $2 (30... d6 $16) 31. Qf8+ {[%emt 0:00:07] Weighted Error Value: White=0.32/Black=0.70.  Loses game:     	---       	Black=2      Missed win:     	White=1     	---        Mistake:       	White=4     	Black=3      Inaccurate:     	White=3     	Black=2      OK:         	White=5     	Black=8      Best:        	White=2     	Black=2      Strong:       	White=1     	---} 1-0

[Event "Serbian League 2024"]
[Site "Bajina Basta"]
[Date "2024.10.01"]
[Round "5.23"]
[White "Todorovic, Goran M"]
[Black "Alimpic, Aleksa"]
[Result "1-0"]
[Annotator "RC"]
[ECO "B12"]
[WhiteElo "2289"]
[BlackElo "2253"]
[PlyCount "101"]
[EventDate "2024.09.26"]
[EventType "team-tourn"]
[EventCountry "SRB"]
[SourceTitle "playchess.com"]
[Source "ChessBase"]
[SourceQuality "1"]
[TimeControl "40/5400+30:1800+30"]

1. e4 c6 2. d4 d5 3. e5 Bf5 4. c4 e6 5. Nc3 Bb4 6. cxd5 cxd5 7. h4 h6 8. g4 Bh7 9. Bd3 Bxc3+ 10. bxc3 Bxd3 11. Qxd3 Ne7 12. h5 Nbc6 13. Ne2 Qd7 14. f4 f6 15. Ng3 fxe5 16. dxe5 Na5 17. Be3 Nc4 18. Bd4 Nc6 19. O-O O-O-O 20. Rae1 Qc7 21. Re2 Rhf8 22. Kg2 Kb8 23. Ref2 Rf7 24. Rf3 Rdf8 25. R1f2 Qd7 26. Nf1 b6 27. Ne3 Nxe3+ 28. Qxe3 Nd8 29. Qd3 Qe7 30. Kh3 Nc6 31. Qe3 Re8 32. Qd3 Rff8 33. Kg3 Kb7 34. Rf1 Qc7 35. Kh3 Qe7 36. Qg6 Qf7 37. f5 exf5 38. Qxf7+ Rxf7 39. gxf5 Rfe7 40. e6 Nxd4 41. cxd4 Kc6 42. Rc1+ Kb5 43. Rfc3 Ka4 44. Kg4 Rb7 45. Kf4 a5 46. Ke5 b5 47. Kxd5 b4 48. Rc5 Ra7 49. Rc7 Rxc7 50. Rxc7 Ka3 51. Rxg7 1-0

[Event "Serbian League 2024"]
[Site "Bajina Basta"]
[Date "2024.10.01"]
[Round "5.24"]
[White "Popovic, Milan S"]
[Black "Arsovic, Goran"]
[Result "1/2-1/2"]
[Annotator "RC"]
[ECO "B53"]
[WhiteElo "2367"]
[BlackElo "2356"]
[PlyCount "35"]
[EventDate "2024.09.26"]
[EventType "team-tourn"]
[EventCountry "SRB"]
[SourceTitle "playchess.com"]
[Source "ChessBase"]
[SourceQuality "1"]
[TimeControl "40/5400+30:1800+30"]

1. e4 c5 2. Nf3 d6 3. Nc3 Nf6 4. d4 cxd4 5. Qxd4 Nc6 6. Bb5 Bd7 7. Qd3 g6 8. Bg5 Bg7 9. O-O-O h6 10. Bxf6 Bxf6 11. e5 Nxe5 12. Nxe5 Bxe5 13. Rhe1 Bxc3 14. Qxc3 O-O 15. Bxd7 Qxd7 16. Qe3 Rac8 17. Qxh6 Rc5 18. Qe3 1/2-1/2

[Event "Serbian League 2024"]
[Site "Bajina Basta"]
[Date "2024.10.01"]
[Round "5.25"]
[White "Visakh N R"]
[Black "Ivic, Velimir"]
[Result "0-1"]
[Annotator "TA"]
[ECO "B51"]
[WhiteElo "2504"]
[BlackElo "2599"]
[PlyCount "70"]
[EventDate "2024.09.26"]
[EventType "team-tourn"]
[EventCountry "SRB"]
[SourceTitle "playchess.com"]
[Source "ChessBase"]
[SourceQuality "1"]
[TimeControl "40/5400+30:1800+30"]

1. e4 c5 2. Nf3 d6 3. Bb5+ Nd7 4. c4 e5 5. Nc3 Ngf6 6. a3 Be7 7. d3 O-O 8. Ba4 {[%emt 0:00:05] White has an edge.} Nb6 9. Bc2 Be6 10. h3 Nfd7 11. g4 Nb8 12. Ne2 Nc6 13. Ng3 Nd4 14. Nxd4 cxd4 15. O-O Nd7 16. Kg2 {[%emt 0:14:12] [#]} b5 $1 17. cxb5 d5 18. b4 Qb6 19. Bb3 dxe4 20. dxe4 (20. Bxe6 $11 Qxe6 21. Nxe4) 20... Rac8 21. Bd2 Qxb5 (21... Bxb3 {feels hotter.} 22. Qxb3 Qxb5 23. Nf5 Rfe8) 22. Bxe6 fxe6 23. Qb3 $1 Qc4 24. Qa4 (24. Qxc4 $15 Rxc4 25. Rfc1) 24... Rcd8 $17 25. Qd1 Nb6 26. Rc1 {[%emt 0:01:44] [#]} Qd3 {[%emt 0:01:32][%cal Oe7h4] Black has more active pieces.} 27. Qe2 Qxe2 (27... Qb3 {looks sharper.} 28. Rb1 Qxa3 29. Ra1 Qb3) 28. Nxe2 d3 $36 {[%emt 0:03:21][%mdl 2048] Black fights for an advantage.} 29. Ng1 Rd4 30. Be3 (30. Rc3 $11) 30... Rxe4 31. Rfd1 $2 {[%emt 0:00:03] [#] White does not recover from this.} (31. Nf3 $17 Nd5 32. Rce1) 31... Rxe3 $1 $19 {[%emt 0:00:37][%mdl 512] Black is clearly winning.} 32. fxe3 e4 {[%emt 0:00:08] White must now prevent ...Nd5.} 33. Rf1 Rd8 34. Rf4 d2 35. Rd1 Nd5 {[%emt 0:00:18][%csl LRe3,LRf4] Weighted Error Value: White=0.34/Black=0.08 (flawless) .  Loses game:     	White=1     	---        Mistake:       	White=3     	---        Inaccurate:     	White=2     	Black=2      OK:         	White=8     	Black=14     Best:        	White=1     	Black=3      Strong:       	White=1     	---        Brilliant:      	---       	Black=1} 0-1

[Event "Serbian League 2024"]
[Site "Bajina Basta"]
[Date "2024.10.01"]
[Round "5.26"]
[White "Djukic, Nikola"]
[Black "Vignesh N R"]
[Result "1/2-1/2"]
[Annotator "TA"]
[ECO "C80"]
[WhiteElo "2515"]
[BlackElo "2511"]
[PlyCount "113"]
[EventDate "2024.09.26"]
[EventType "team-tourn"]
[EventCountry "SRB"]
[SourceTitle "playchess.com"]
[Source "ChessBase"]
[SourceQuality "1"]
[TimeControl "40/5400+30:1800+30"]

1. e4 e5 2. Nf3 Nc6 3. Bb5 a6 4. Ba4 Nf6 5. O-O Nxe4 6. d4 b5 7. Bb3 d5 8. dxe5 Be6 9. Nbd2 Nc5 10. c3 d4 11. Bxe6 Nxe6 12. cxd4 Ncxd4 13. Ne4 Qd5 14. Nxd4 Nxd4 15. Nc3 Qd7 {[%emt 0:00:37] The position is equal.} 16. Be3 c5 17. a4 {[%emt 0:12:29] aiming for axb5.} Rd8 18. axb5 axb5 {[%emt 0:00:03] [#]} 19. Bxd4 (19. Ne4 $1 $16) 19... cxd4 $11 20. Ne4 {[%emt 0:00:07] Re1 would now be deadly.} Be7 21. Qd3 O-O 22. Rfd1 f6 (22... Qe6 $11) 23. exf6 $16 Bxf6 24. Ra5 {[%emt 0:09:41] White is much more active.} b4 25. Qc4+ Kh8 26. Nxf6 ({But not} 26. Qxb4 d3 $15) 26... gxf6 27. Qxb4 d3 28. Qf4 d2 29. g3 Qd3 30. Kg2 Qc2 31. Qg4 Rf7 {[%emt 0:06:02][%cal Bf8f7,Bf7b7,Bb7b4][%mdl 32] Dodges Ra7} 32. b4 Qc6+ 33. Qf3 Qxf3+ 34. Kxf3 {[%emt 0:00:06][%mdl 4096] Endgame. KRR-KRR} Rb7 35. Ra2 Rxb4 36. Raxd2 (36. Rdxd2 Rxd2 37. Rxd2 Rb5) 36... Rxd2 37. Rxd2 {[%emt 0:00:06] KR-KR} Kg7 38. Rd5 Kg6 39. g4 Rb3+ 40. Kg2 Rb4 41. f3 h6 42. h4 Rb7 43. Kg3 Ra7 44. Rb5 Rc7 45. h5+ Kf7 46. Kf4 Ra7 47. Ke4 Re7+ 48. Kf5 Ra7 49. Rc5 Rb7 50. Ke4 Re7+ 51. Kd5 (51. Kf4 $16) 51... Rd7+ 52. Kc4 Ra7 (52... Ke6 $14) 53. Kd4 {[%emt 0:00:00] White is better.} Rb7 54. f4 Ra7 55. Rc6 Ra4+ 56. Rc4 Ra7 57. Ke4 {[%emt 0:03:11] Weighted Error Value: White=0.06 (flawless) /Black=0.07 (flawless) .  Mistake:       	White=2     	Black=2      Inaccurate:     	---       	Black=1      OK:         	White=23    	Black=9      Best:        	White=6     	Black=2} 1/2-1/2